[Event "Titled Tuesday Blitz June 14 Early 2022"]
[White "Kosakowski, Jakub"]
[Black "Hesham, Abdelrahman"]
[WhiteFideId "1185080"]
[BlackFideId "10600183"]
[WhiteElo "2476"]
[BlackElo "2506"]
[Result "1-0"]
[Round "10"]
[TimeControl "180+1"]
[Date "2022.06.14"]
[WhiteClock "0:00:05"]
[BlackClock "0:00:08"]

1. e4 e5 2. Nf3 Nc6 3. Bb5 Nf6 4. O-O Nxe4 5. d4 Nd6 6. Ba4 e4 7. Re1 Be7 8. Ne5 O-O 9. Nc3 Bf6 10. Bf4 Re8 11. Nxe4 Nxe4 12. Rxe4 Bxe5 13. dxe5 d5 14. Re3 Bf5 15. c3 Qh4 16. Bg3 Qd8 17. Qb3 Na5 18. Qb4 c6 19. Qf4 Bg6 20. Rd1 Qb6 21. Re2 Rad8 22. Bh4 Rd7 23. Rde1 Re6 24. Bd1 Qc7 25. b3 b5 26. Rd2 h5 27. Qg5 c5 28. Bxh5 Bxh5 29. Qxh5 d4 30. cxd4 Rxd4 31. Rxd4 cxd4 32. h3 d3 33. Bg3 Qc2 34. Rd1 Nc6 35. Qf3 Nb4 36. Qa8+ Kh7 37. Qe4+ Kg8 38. Qa8+ Kh7 39. Qe4+ g6 40. Qf3 Kg7 41. a3 Nc6 42. Rxd3 Qb1+ 43. Kh2 Qc1 44. Rc3 Qxa3 45. Rxc6 Rxc6 46. Qxc6 Qe7 47. Qxb5 Qe6 48. Qc4 1-0


[Site "https://www.chess.com"]

[Event "Titled Tuesday Blitz June 14 Early 2022"]
[White "Lagno, Kateryna"]
[Black "Jaskolka, Tomasz"]
[WhiteFideId "14109336"]
[BlackFideId "1170791"]
[WhiteElo "2522"]
[BlackElo "2073"]
[Result "1/2-1/2"]
[Round "10"]
[TimeControl "180+1"]
[Date "2022.06.14"]
[WhiteClock "0:00:22"]
[BlackClock "0:00:11"]

1. e4 c5 2. Nf3 e6 3. d4 cxd4 4. Nxd4 Nc6 5. Nc3 Qc7 6. Be3 a6 7. a3 b5 8. Nxc6 Qxc6 9. Be2 Bb7 10. O-O Be7 11. Bf3 Qc7 12. Qd2 d6 13. Rfd1 Nf6 14. Bg5 O-O 15. Qe3 Rac8 16. Rd2 Rfd8 17. Rad1 Ne8 18. h4 Bxg5 19. hxg5 Qc5 20. Rd4 a5 21. R1d2 Bc6 22. b4 Qb6 23. Ne2 e5 24. R4d3 Qxe3 25. Rxe3 axb4 26. axb4 Ra8 27. Red3 Kf8 28. Ng3 g6 29. Nf1 Ke7 30. Ne3 Nc7 31. Rc3 Ra6 32. Nd5+ Nxd5 33. exd5 Bd7 34. Be2 Ra4 35. Rb3 Rc8 36. c3 Ra1+ 37. Kh2 Rc1 38. Rd3 Rc2 39. Re3 f6 40. gxf6+ Kxf6 41. Kg3 Rc7 42. f4 exf4+ 43. Kxf4 g5+ 44. Kg3 h5 45. Ra3 h4+ 46. Kf2 Bg4 47. Ra6 Bxe2 48. Rxe2 R7xc3 49. Rxd6+ Kf5 50. Rb6 Rxe2+ 51. Kxe2 Ke5 52. Rxb5 Rc2+ 53. Kf3 Rc3+ 54. Kf2 Rc2+ 55. Kf3 Rc3+ 56. Kf2 Rc2+ 57. Kf3 1/2-1/2


[Site "https://www.chess.com"]

[Event "Titled Tuesday Blitz June 14 Early 2022"]
[White "Martinez Alcantara, Jose Eduardo"]
[Black "Terry, Renato"]
[WhiteFideId "3805662"]
[BlackFideId "3803457"]
[WhiteElo "2703"]
[BlackElo "2577"]
[Result "0-1"]
[Round "10"]
[TimeControl "180+1"]
[Date "2022.06.14"]
[WhiteClock "0:00:02"]
[BlackClock "0:00:05"]

1. e4 g6 2. d4 Bg7 3. c3 d6 4. Bd3 e5 5. Nf3 Nc6 6. O-O Bd7 7. Bg5 Nf6 8. Nbd2 O-O 9. h3 h6 10. Be3 Nh5 11. Re1 Qf6 12. Nf1 Nf4 13. Bc2 Rad8 14. N1h2 g5 15. Kh1 h5 16. b4 a6 17. d5 Ne7 18. Ng1 Qg6 19. c4 f5 20. f3 fxe4 21. fxe4 g4 22. hxg4 hxg4 23. g3 Nh5 24. Kg2 Rf7 25. Rf1 Rdf8 26. Rxf7 Rxf7 27. Ne2 Bh6 28. Qd2 Bxe3 29. Qxe3 Kg7 30. a4 Ng8 31. Rf1 Rxf1 32. Nxf1 Ngf6 33. a5 Qh6 34. Qf2 Qg5 35. Ne3 Kf7 36. Bd3 Ke7 37. b5 Bc8 38. c5 dxc5 39. bxa6 bxa6 40. Nc4 Nd7 41. Qg1 Nhf6 42. Qb1 Ne8 43. Qh1 Ndf6 44. Qg1 Nd7 45. Qh2 Ndf6 46. Qh8 Bd7 47. Qh4 Qxh4 48. gxh4 Bb5 49. Nxe5 Bxd3 50. Nxd3 Nxe4 51. h5 N8f6 52. h6 Kf7 53. Nef4 Kg8 54. Ne5 Kh7 55. Nc6 c4 56. Nb8 c3 57. Nxa6 c2 58. Ne2 Nxd5 59. Nc1 Ne3+ 60. Kg1 g3 61. Nb4 Nd2 62. Nbd3 Nf3+ 63. Kh1 g2# 0-1


[Site "https://www.chess.com"]

[Event "Titled Tuesday Blitz June 14 Early 2022"]
[White "Maximov, Dmitry"]
[Black "Kanyamarala, Tarun"]
[WhiteFideId "14105659"]
[BlackFideId "45004714"]
[WhiteElo "2494"]
[BlackElo "2219"]
[Result "1-0"]
[Round "10"]
[TimeControl "180+1"]
[Date "2022.06.14"]
[WhiteClock "0:00:24"]
[BlackClock "0:00:01"]

1. e4 c5 2. Nf3 Nc6 3. Bb5 e5 4. O-O Bd6 5. Re1 Nge7 6. c3 O-O 7. d4 cxd4 8. cxd4 Nxd4 9. Nxd4 exd4 10. Qxd4 Qc7 11. g3 Be5 12. Qc4 Qb6 13. Be3 Qf6 14. Nc3 a6 15. Ba4 b5 16. Nxb5 axb5 17. Bxb5 d5 18. exd5 Bh3 19. Qe4 Bxb2 20. Rab1 Nf5 21. Bf4 Bd4 22. a4 Bc5 23. Bd3 g6 24. Be5 Qg5 25. Bf4 Qd8 26. Bb5 Bd6 27. Bd2 Qc7 28. Bc6 Rab8 29. a5 Ne7 30. Bc3 Nxc6 31. dxc6 Bf5 32. Qd4 f6 33. Rxb8 Rxb8 34. Qxf6 Qc8 35. Qg7# 1-0


[Site "https://www.chess.com"]

[Event "Titled Tuesday Blitz June 14 Early 2022"]
[White "Molina, Roberto Junio Brito"]
[Black "Korchmar, Vasiliy"]
[WhiteFideId "2109450"]
[BlackFideId "24131750"]
[WhiteElo "2432"]
[BlackElo "2370"]
[Result "0-1"]
[Round "10"]
[TimeControl "180+1"]
[Date "2022.06.14"]
[WhiteClock "0:00:02"]
[BlackClock "0:00:07"]

1. d4 d5 2. e3 Nf6 3. Nf3 Bg4 4. c4 e6 5. b3 c5 6. Be2 cxd4 7. Nxd4 Bxe2 8. Qxe2 e5 9. Nf3 e4 10. Nd4 Bb4+ 11. Bd2 Bxd2+ 12. Nxd2 Nc6 13. Nxc6 bxc6 14. O-O O-O 15. Rac1 Qa5 16. Rc2 Nd7 17. cxd5 cxd5 18. Rfc1 Ne5 19. Rc5 Qxa2 20. Rxd5 Nd3 21. Rd1 Rac8 22. Qf1 f5 23. Rd4 Rc2 24. Rxd3 exd3 25. Qxd3 Rcc8 26. Nf1 Qc2 27. Qd5+ Kh8 28. g3 Rb8 29. Rd3 h6 30. h4 Kh7 31. Nd2 a5 32. Rd4 Rb4 33. Qxa5 Rxd4 34. exd4 Re8 35. Kf1 Qd3+ 36. Kg2 Re2 37. Nc4 Qc2 38. Kh3 Rxf2 39. Ne3 Rh2# 0-1


[Site "https://www.chess.com"]

[Event "Titled Tuesday Blitz June 14 Early 2022"]
[White "Nakamura, Hikaru"]
[Black "Sadhwani, Raunak"]
[WhiteFideId "2016192"]
[BlackFideId "35093487"]
[WhiteElo "2850"]
[BlackElo "2616"]
[Result "0-1"]
[Round "10"]
[TimeControl "180+1"]
[Date "2022.06.14"]
[WhiteClock "0:00:03"]
[BlackClock "0:00:10"]

1. Nf3 d5 2. d4 Nf6 3. e3 e6 4. c4 b6 5. Nc3 Bb7 6. cxd5 exd5 7. g3 a6 8. Bg2 Bd6 9. Ne5 Nbd7 10. f4 O-O 11. O-O c5 12. Qd3 Re8 13. b3 Rc8 14. Bb2 b5 15. Qd1 cxd4 16. exd4 Nf8 17. Qd3 b4 18. Nd1 Ne4 19. Ne3 f6 20. N5g4 Kh8 21. Nf2 Nc3 22. Rfc1 Qa5 23. Bf3 Qb5 24. Qxb5 axb5 25. Re1 Ne6 26. Bg4 Nxd4 27. Nf5 Nxf5 28. Bxf5 Ra8 29. Rxe8+ Rxe8 30. Bd3 d4 31. Kf1 Kg8 32. Bxc3 dxc3 33. Bxb5 Ra8 34. Bc4+ Kf8 35. Nd1 Bc5 36. Nf2 Bd6 37. Nd3 h5 38. Ne1 Rd8 39. Rd1 Ke7 40. Nc2 Ra8 41. Nd4 g6 42. Re1+ Kd7 43. Re2 h4 44. Be6+ Kc7 45. Ke1 hxg3 46. hxg3 Rh8 47. Kd1 Bc5 48. Nc2 Bf3 0-1


[Site "https://www.chess.com"]

[Event "Titled Tuesday Blitz June 14 Early 2022"]
[White "Paravyan, David"]
[Black "Madaminov, Mukhiddin"]
[WhiteFideId "4194985"]
[BlackFideId "14210703"]
[WhiteElo "2569"]
[BlackElo "1916"]
[Result "1-0"]
[Round "10"]
[TimeControl "180+1"]
[Date "2022.06.14"]
[WhiteClock "0:01:01"]
[BlackClock "0:00:06"]

1. e4 e6 2. d4 d5 3. Nc3 Nf6 4. Bg5 Bb4 5. e5 h6 6. Bd2 Bxc3 7. bxc3 Ne4 8. Bc1 c5 9. Ne2 cxd4 10. cxd4 Nc6 11. c3 O-O 12. h4 Qa5 13. Qb3 f6 14. f3 fxe5 15. fxe4 Nxd4 16. Nxd4 exd4 17. Bd2 d3 18. c4 Qc5 19. Qxd3 Qf2+ 20. Kd1 dxc4 21. Qe3 Qf6 22. Bc3 Qd8+ 23. Kc2 b5 24. Be2 Bb7 25. Rhf1 Qxh4 26. Rxf8+ Rxf8 27. Bf3 Qe7 28. a3 a6 29. Bb4 Qf6 30. Rd1 Rf7 31. Qd4 Qg6 32. Kb2 Kh7 33. Rd2 Qg5 34. Bc3 e5 35. Qxe5 Qxe5 36. Bxe5 Re7 37. Bc3 g6 38. Rd8 g5 39. Bh5 1-0


[Site "https://www.chess.com"]

[Event "Titled Tuesday Blitz June 14 Early 2022"]
[White "Pranav, V"]
[Black "Garv Gaur"]
[WhiteFideId "25060783"]
[BlackFideId "45030839"]
[WhiteElo "2349"]
[BlackElo "1950"]
[Result "1-0"]
[Round "10"]
[TimeControl "180+1"]
[Date "2022.06.14"]
[WhiteClock "0:02:02"]
[BlackClock "0:01:18"]

1. e4 c6 2. d4 d5 3. e5 Bf5 4. Nf3 e6 5. Be2 Nd7 6. O-O Ne7 7. c3 c5 8. Na3 Nc6 9. Be3 cxd4 10. cxd4 Be7 11. Nb5 O-O 12. Bd3 Bxd3 13. Qxd3 Qb6 14. a3 a6 15. Nc3 Rac8 16. h4 Na5 17. Rab1 h6 18. Rfd1 Nc4 19. Bc1 Qb3 20. Nxd5 Qxd1+ 21. Qxd1 exd5 22. Ne1 Rfd8 23. Nd3 Nf8 24. Qg4 Kh8 25. f4 Na5 26. f5 Nc6 27. Be3 Nh7 28. Rf1 f6 29. Nf4 Nf8 30. Nh5 1-0


[Site "https://www.chess.com"]

[Event "Titled Tuesday Blitz June 14 Early 2022"]
[White "Puranik, Abhimanyu"]
[Black "Lazavik, Denis"]
[WhiteFideId "5061245"]
[BlackFideId "13515110"]
[WhiteElo "2520"]
[BlackElo "2437"]
[Result "0-1"]
[Round "10"]
[TimeControl "180+1"]
[Date "2022.06.14"]
[WhiteClock "0:00:01"]
[BlackClock "0:00:04"]

1. e4 c5 2. c3 Nf6 3. e5 Nd5 4. g3 d6 5. exd6 Qxd6 6. Bg2 Nc6 7. Ne2 g6 8. Na3 Nb6 9. O-O Bg7 10. d4 cxd4 11. Nb5 Qd8 12. cxd4 a6 13. d5 Ne5 14. Nbc3 O-O 15. b3 Bg4 16. f3 Bf5 17. Be3 Rc8 18. h3 Ned7 19. Bd4 Nf6 20. g4 Bd7 21. f4 Bb5 22. Nxb5 axb5 23. g5 Nfxd5 24. Bxg7 Kxg7 25. Qd4+ Kg8 26. f5 Nc3 27. Qe3 Nbd5 28. Bxd5 Nxd5 29. Qf2 Qb6 30. Rad1 Qxf2+ 31. Rxf2 Ne3 32. Rd7 Nxf5 33. Rxb7 Rc5 34. Nf4 Rd8 35. Kh2 e5 36. Nh5 gxh5 37. Rxf5 h4 38. Rbxf7 Rd2+ 39. Rf2 Rcc2 40. Kg2 e4 41. Rf8+ Kg7 42. Rf7+ Kg6 43. Rf6+ Kh5 44. Rxd2 Rxd2+ 45. Kf1 Kxg5 46. Rb6 Rxa2 47. Rxb5+ Kf4 48. Rc5 Rb2 49. Rc3 e3 50. Ke1 Kf3 51. Kd1 Kf2 0-1


[Site "https://www.chess.com"]

[Event "Titled Tuesday Blitz June 14 Early 2022"]
[White "Raahul V S"]
[Black "Vakhlamov, Igor L."]
[WhiteFideId "25035525"]
[BlackFideId "24126748"]
[WhiteElo "2133"]
[BlackElo "2401"]
[Result "1-0"]
[Round "10"]
[TimeControl "180+1"]
[Date "2022.06.14"]
[WhiteClock "0:00:53"]
[BlackClock "0:00:12"]

1. c4 Nf6 2. Nc3 c5 3. e4 Nc6 4. g3 e6 5. Bg2 d5 6. exd5 exd5 7. Nxd5 Nxd5 8. cxd5 Nb4 9. d4 Bf5 10. Kf1 Nc2 11. g4 Bg6 12. dxc5 Nxa1 13. Qa4+ Qd7 14. c6 bxc6 15. dxc6 Qc7 16. Bf4 Bd6 17. Bxd6 Qxd6 18. c7+ Ke7 19. Bxa8 Rxa8 20. Nf3 Nc2 21. Kg2 Qxc7 22. Nh4 Kf8 23. Rd1 Rc8 24. Kh3 a5 25. Rd7 Qc5 26. Qf4 Qc4 27. Qd6+ Ke8 28. Qe7# 1-0


[Site "https://www.chess.com"]

[Event "Titled Tuesday Blitz June 14 Early 2022"]
[White "Rodrigue-Lemieux, Shawn"]
[Black "Galperin, Platon"]
[WhiteFideId "2620049"]
[BlackFideId "14165414"]
[WhiteElo "1763"]
[BlackElo "2432"]
[Result "1-0"]
[Round "10"]
[TimeControl "180+1"]
[Date "2022.06.14"]
[WhiteClock "0:01:30"]
[BlackClock "0:00:01"]

1. a3 Nf6 2. c4 g6 3. b4 Bg7 4. Bb2 O-O 5. g3 d5 6. cxd5 Qxd5 7. Nf3 a5 8. Nc3 Qh5 9. h3 Nc6 10. b5 Ne5 11. Bg2 Nc4 12. Bc1 a4 13. Qc2 Nd6 14. d3 Nxb5 15. Bb2 Qc5 16. Rc1 Nxa3 17. Qd2 Qb4 18. Bxa3 Qxa3 19. Nb5 Qb3 20. Nfd4 c6 21. Nxb3 axb3 22. Nd4 Ra2 23. Qb4 b2 24. Rb1 Nd7 25. Nc2 Re8 26. O-O Ra6 27. d4 e5 28. e3 exd4 29. exd4 Rf8 30. Qxb2 Nf6 31. Ne3 b5 32. Qc2 Bd7 33. Rfc1 Rfa8 34. d5 Ra2 35. Qd1 cxd5 36. Nxd5 R8a7 37. Nc3 R2a3 38. Nxb5 Bxb5 39. Rxb5 h5 40. Rb8+ Kh7 41. Rbb1 Ra2 42. Ra1 Rxa1 43. Rxa1 Rd7 44. Qf1 1-0


[Site "https://www.chess.com"]

[Event "Titled Tuesday Blitz June 14 Early 2022"]
[White "Sarana, Alexey"]
[Black "Mchedlishvili, Mikheil"]
[WhiteFideId "24133795"]
[BlackFideId "13600966"]
[WhiteElo "2666"]
[BlackElo "2545"]
[Result "1/2-1/2"]
[Round "10"]
[TimeControl "180+1"]
[Date "2022.06.14"]
[WhiteClock "0:00:04"]
[BlackClock "0:00:13"]

1. d4 d5 2. Nf3 Nf6 3. c4 c6 4. e3 e6 5. Nc3 Nbd7 6. Qc2 Bd6 7. Be2 O-O 8. O-O dxc4 9. Bxc4 b5 10. Be2 Bb7 11. e4 e5 12. dxe5 Nxe5 13. Nd4 Neg4 14. Nf5 Bxh2+ 15. Kh1 Bc7 16. Bg5 Qe8 17. f3 Qe5 18. f4 Qe6 19. e5 Bc8 20. exf6 Qxf5 21. Bd3 Qc5 22. b4 Qxb4 23. Ne4 Bf5 24. fxg7 Kxg7 25. Ng3 Bg6 26. Qe2 h5 27. Nf5+ Bxf5 28. Bxf5 Rae8 29. Qf3 Qc5 30. Rac1 Qxf5 31. Qxc6 Bb6 32. Rf3 Re6 33. Qc3+ f6 34. Bh4 Rfe8 35. Rd1 Kg6 36. Qb3 Re3 37. Rxe3 Rxe3 38. Qg8+ Kh6 39. Qf8+ Kg6 40. Qg8+ Kh6 41. Qf8+ Kg6 42. Qg8+ 1/2-1/2


[Site "https://www.chess.com"]

[Event "Titled Tuesday Blitz June 14 Early 2022"]
[White "Sargsyan, Anna M."]
[Black "Gaehwiler, Gabriel"]
[WhiteFideId "13308130"]
[BlackFideId "1314530"]
[WhiteElo "2271"]
[BlackElo "2383"]
[Result "0-1"]
[Round "10"]
[TimeControl "180+1"]
[Date "2022.06.14"]
[WhiteClock "0:00:01"]
[BlackClock "0:00:10"]

1. d4 Nf6 2. c4 g6 3. g3 Bg7 4. Bg2 O-O 5. Nc3 d6 6. Nf3 c6 7. O-O Bf5 8. Nh4 Be6 9. d5 Bd7 10. e4 Na6 11. Re1 Rc8 12. Be3 cxd5 13. cxd5 Ng4 14. Bd4 Bxd4 15. Qxd4 Qb6 16. Qd2 Rc4 17. Nf3 Rfc8 18. e5 Rb4 19. e6 Be8 20. b3 f6 21. Rac1 f5 22. Na4 Qd8 23. Rxc8 Qxc8 24. Rc1 Qd8 25. Nb2 Nf6 26. Qc3 Rb5 27. Ng5 Rc5 28. Qe1 Qc7 29. Rd1 Rc2 30. Nd3 Nc5 31. Nb4 Rb2 32. Qc3 Rxf2 33. Nd3 Rxa2 34. b4 b6 35. bxc5 bxc5 36. Nf4 Qb6 37. Bf1 c4+ 38. Qd4 Qxd4+ 39. Rxd4 c3 40. Rc4 c2 41. Nd3 h6 42. Nb4 Rb2 43. Nf3 Rxb4 44. Rxc2 Kg7 45. Rc8 a5 46. Rc7 Kf8 47. Ra7 Nxd5 48. Rxa5 Nf6 49. Ra8 Re4 50. Nd2 Rxe6 51. Bb5 Re5 52. Bxe8 Nxe8 53. Nc4 Rc5 54. Nb6 Kf7 55. Nd7 Rc1+ 56. Kg2 Nf6 57. Rf8+ Ke6 58. Nb6 Rc2+ 59. Kf3 Ng4 60. h3 Rf2# 0-1


[Site "https://www.chess.com"]

[Event "Titled Tuesday Blitz June 14 Early 2022"]
[White "Shimanov, Aleksandr"]
[Black "Harvey, Marcus R"]
[WhiteFideId "4198603"]
[BlackFideId "400092"]
[WhiteElo "2605"]
[BlackElo "2485"]
[Result "1-0"]
[Round "10"]
[TimeControl "180+1"]
[Date "2022.06.14"]
[WhiteClock "0:00:20"]
[BlackClock "0:00:47"]

1. e4 e5 2. Nf3 Nf6 3. Nc3 Nc6 4. h3 a6 5. d4 Bb4 6. dxe5 Nxe4 7. Bd2 Nxd2 8. Qxd2 d5 9. O-O-O Be6 10. a3 Ba5 11. Qf4 Bxc3 12. bxc3 Qe7 13. Kb2 O-O 14. Bd3 f6 15. exf6 Rxf6 16. Qe3 Raf8 17. Rhe1 Qd6 18. Ng5 Bf5 19. Bc4 Na5 20. Ba2 Kh8 21. Rxd5 Qb6+ 22. Qxb6 cxb6 23. f3 Rg6 24. Rxf5 Rc8 25. Nf7+ 1-0


[Site "https://www.chess.com"]

[Event "Titled Tuesday Blitz June 14 Early 2022"]
[White "Shipov, Sergei"]
[Black "Snehal, Bhosale"]
[WhiteFideId "4113624"]
[BlackFideId "5021995"]
[WhiteElo "2793"]
[BlackElo "2103"]
[Result "1-0"]
[Round "10"]
[TimeControl "180+1"]
[Date "2022.06.14"]
[WhiteClock "0:00:47"]
[BlackClock "0:00:12"]

1. d4 d5 2. c4 c6 3. Nc3 Nf6 4. Nf3 a6 5. h3 b5 6. c5 g6 7. Bf4 Bg7 8. e3 O-O 9. Bd3 Nfd7 10. e4 e5 11. Nxe5 Nxe5 12. Bxe5 Bxe5 13. dxe5 Qe7 14. exd5 Qxc5 15. O-O cxd5 16. Qf3 Bb7 17. Qf4 Nd7 18. Rfe1 Rae8 19. Rad1 d4 20. Ne4 Bxe4 21. Rxe4 Nxe5 22. Rxd4 Rd8 23. Bf1 Nc6 24. Rxd8 Rxd8 25. Rxd8+ Nxd8 26. Qb8 Qd4 27. Qa8 Qd6 28. a4 bxa4 29. Qxa6 Qd1 30. Qd3 Qxd3 31. Bxd3 Ne6 32. Kf1 Kf8 33. Bc2 Nc5 34. Ke2 Ke7 35. Ke3 Ke6 36. Kd4 Kd6 37. g3 f6 38. Kc4 f5 39. h4 Kc6 40. h5 Kd6 41. f4 gxh5 42. Bxf5 h6 43. Kb4 Kd5 44. Bg6 Kd4 45. Bxh5 Nd3+ 46. Ka3 Ke4 47. Bg6+ 1-0


[Site "https://www.chess.com"]

[Event "Titled Tuesday Blitz June 14 Early 2022"]
[White "Shirov, Alexei"]
[Black "Tanenbaum, Zachary"]
[WhiteFideId "2209390"]
[BlackFideId "2060850"]
[WhiteElo "2678"]
[BlackElo "2175"]
[Result "1/2-1/2"]
[Round "10"]
[TimeControl "180+1"]
[Date "2022.06.14"]
[WhiteClock "0:00:10"]
[BlackClock "0:00:09"]

1. e4 e5 2. Nf3 Nc6 3. Bb5 a6 4. Ba4 d6 5. c3 Nf6 6. d4 b5 7. Bc2 Be7 8. O-O O-O 9. h3 Bb7 10. Nbd2 Nb8 11. dxe5 dxe5 12. Nxe5 Bd6 13. Nef3 Re8 14. Re1 Nbd7 15. Nb3 Nxe4 16. Na5 Qc8 17. Nxb7 Qxb7 18. Qd4 Ndf6 19. Be3 Rad8 20. Qa7 Qxa7 21. Bxa7 Bc5 22. Bxc5 Nxc5 23. Rxe8+ Rxe8 24. a4 g6 25. axb5 axb5 26. Nd4 Ne6 27. Nc6 Nf4 28. Kf1 Re2 29. Nd4 Re5 30. g3 Nxh3 31. Nf3 Rc5 32. Re1 Ng5 33. Re5 Rxe5 34. Nxe5 Kf8 35. Bd3 b4 36. cxb4 Ke7 37. Bc4 Nd7 38. Nd3 Ne4 39. Ke2 h5 40. Ke3 Nd6 41. Bd5 Kf6 42. Bc6 Ne5 43. Nxe5 Kxe5 44. f4+ Kf6 45. Bd7 Nc4+ 46. Kd4 Nxb2 47. Bh3 Na4 48. Bf1 Ke7 49. Bb5 Nb6 50. Kc5 f6 51. Kc6 g5 52. fxg5 fxg5 53. Be2 h4 54. gxh4 gxh4 55. b5 Kd8 56. Bg4 Nc4 57. Bh3 Ne5+ 58. Kd5 Nd3 59. Kc6 Nf4 60. Bg4 h3 61. Bxh3 Nxh3 62. b6 cxb6 63. Kxb6 1/2-1/2


[Site "https://www.chess.com"]

[Event "Titled Tuesday Blitz June 14 Early 2022"]
[White "Sjugirov, Sanan"]
[Black "Steinberg, Nitzan"]
[WhiteFideId "4189302"]
[BlackFideId "2801795"]
[WhiteElo "2602"]
[BlackElo "2471"]
[Result "0-1"]
[Round "10"]
[TimeControl "180+1"]
[Date "2022.06.14"]
[WhiteClock "0:00:02"]
[BlackClock "0:00:06"]

1. e4 g6 2. d4 Bg7 3. Nf3 d6 4. Bd3 Nc6 5. c3 e5 6. O-O Nf6 7. h3 O-O 8. Re1 h6 9. Bc2 Re8 10. Nbd2 a5 11. Nf1 b5 12. Ng3 Bb7 13. d5 Nb8 14. Be3 c6 15. dxc6 Nxc6 16. Qd2 Kh7 17. Rad1 Bf8 18. h4 Ng4 19. h5 a4 20. a3 Na5 21. Qe2 Nxe3 22. Qxe3 Nc4 23. Qc1 Rc8 24. Bd3 Qf6 25. Bxc4 Rxc4 26. Qe3 Rcc8 27. Rd2 Qf4 28. Qa7 Rb8 29. Red1 Kg8 30. Ne1 Qg4 31. Nc2 Be7 32. Ne3 Qc8 33. Nd5 Bg5 34. Rd3 Qc5 35. Qa5 Rec8 36. Qb4 Bh4 37. Rf3 Bxd5 38. Rxd5 Qxb4 39. axb4 Rc6 40. Nf1 Bg5 41. hxg6 fxg6 42. Rfd3 Bc1 43. Ne3 Bxb2 44. Nd1 a3 45. Nxb2 axb2 46. Rd1 Rxc3 0-1


[Site "https://www.chess.com"]

[Event "Titled Tuesday Blitz June 14 Early 2022"]
[White "Srihari L R"]
[Black "Williams, Simon K"]
[WhiteFideId "46617116"]
[BlackFideId "404454"]
[WhiteElo "2170"]
[BlackElo "2468"]
[Result "1-0"]
[Round "10"]
[TimeControl "180+1"]
[Date "2022.06.14"]
[WhiteClock "0:00:06"]
[BlackClock "0:00:01"]

1. e4 c5 2. Nf3 d6 3. d4 cxd4 4. Nxd4 Nf6 5. Nc3 g6 6. Be2 Bg7 7. O-O Nc6 8. Be3 O-O 9. Qd2 Bd7 10. h3 Rc8 11. f4 a6 12. Rac1 Re8 13. Bf3 e5 14. Nxc6 Bxc6 15. Rcd1 exf4 16. Bxf4 Nxe4 17. Nxe4 Bxe4 18. Bxe4 Rxe4 19. c3 Qb6+ 20. Kh1 Rce8 21. Bxd6 Re2 22. Qd5 R8e6 23. Ba3 h5 24. Qd8+ Qxd8 25. Rxd8+ Re8 26. Rd7 f5 27. Rxb7 Rc2 28. Rb6 Kh7 29. Rxa6 Ree2 30. Rg1 f4 31. Bd6 g5 32. Ra5 Kg6 33. h4 Bf6 34. Ra6 Kf5 35. hxg5 Bxg5 36. Ra5+ Kg4 37. Ra8 Rxb2 38. Rg8 Rxa2 39. Rf1 Rf2 40. Rxf2 Rxf2 41. Be7 f3 42. Rxg5+ Kf4 43. gxf3 Re2 44. Bd8 Kxf3 45. Rxh5 Kg3 46. Rg5+ Kf3 47. Bb6 Rc2 48. Bd4 1-0


[Site "https://www.chess.com"]

[Event "Titled Tuesday Blitz June 14 Early 2022"]
[White "Stribuk, Artiom"]
[Black "Chen, Qi b"]
[WhiteFideId "13515659"]
[BlackFideId "8614733"]
[WhiteElo "2259"]
[BlackElo "2432"]
[Result "1-0"]
[Round "10"]
[TimeControl "180+1"]
[Date "2022.06.14"]
[WhiteClock "0:00:31"]
[BlackClock "0:01:22"]

1. d4 Nf6 2. c4 g6 3. g3 Bg7 4. Bg2 O-O 5. Nf3 d6 6. O-O c6 7. Nc3 Bf5 8. Re1 Ne4 9. Qb3 Nxc3 10. bxc3 Bc8 11. e4 Nd7 12. Ba3 Re8 13. h4 Qc7 14. h5 c5 15. Rad1 Rb8 16. Bc1 b6 17. h6 Bh8 18. Bf4 e5 19. dxe5 Nxe5 20. Nxe5 dxe5 21. Bg5 Be6 22. Rd3 f6 23. Be3 Rbd8 24. Red1 Rxd3 25. Rxd3 Rd8 26. Rd5 Bxd5 27. cxd5 f5 28. exf5 gxf5 29. d6+ 1-0


[Site "https://www.chess.com"]

[Event "Titled Tuesday Blitz June 14 Early 2022"]
[White "Tan, Zhongyi"]
[Black "Sanal, Vahap"]
[WhiteFideId "8603642"]
[BlackFideId "6300545"]
[WhiteElo "2510"]
[BlackElo "2574"]
[Result "1-0"]
[Round "10"]
[TimeControl "180+1"]
[Date "2022.06.14"]
[WhiteClock "0:00:54"]
[BlackClock "0:01:01"]

1. e4 c5 2. Nf3 Nc6 3. Bb5 g6 4. Bxc6 dxc6 5. d3 Bg7 6. h3 Nf6 7. O-O Nd7 8. a4 e5 9. a5 O-O 10. Nbd2 Rb8 11. Nc4 b5 12. axb6 axb6 13. Bg5 f6 14. Bd2 Qc7 15. b4 cxb4 16. Bxb4 c5 17. Bd2 Bb7 18. Qb1 Bc6 19. Ne3 f5 20. Ng5 Qd6 21. Qb3+ Kh8 22. exf5 gxf5 23. Nf7+ Rxf7 24. Qxf7 Rg8 25. Nxf5 Qb8 26. Ne7 Bxg2 27. Qxg8+ Qxg8 28. Nxg8 Bxf1 29. Kxf1 Kxg8 30. Ra7 Nf6 31. Rb7 e4 32. Rxb6 exd3 33. cxd3 Bf8 34. Rxf6 1-0


[Site "https://www.chess.com"]

[Event "Titled Tuesday Blitz June 14 Early 2022"]
[White "Taspinar, Yanki"]
[Black "Pranav Anand"]
[WhiteFideId "34561188"]
[BlackFideId "46626786"]
[WhiteElo "1518"]
[BlackElo "2259"]
[Result "0-1"]
[Round "10"]
[TimeControl "180+1"]
[Date "2022.06.14"]
[WhiteClock "0:00:16"]
[BlackClock "0:01:51"]

1. c4 d6 2. d4 c6 3. Nc3 g6 4. g3 Bg7 5. Bg2 h5 6. Nf3 Bg4 7. O-O Qd7 8. h4 Bh3 9. e4 Bxg2 10. Kxg2 Nf6 11. Bg5 Ng4 12. Re1 O-O 13. Qc2 Qc7 14. Rad1 e5 15. dxe5 dxe5 16. c5 Na6 17. Na4 Kh8 18. a3 Rae8 19. b4 Qc8 20. Rd6 Nc7 21. Red1 Nb5 22. R6d3 f5 23. Rd7 Nd4 24. Nxd4 Qxd7 25. Ne2 Qf7 26. f3 Nf6 27. exf5 e4 28. Nf4 gxf5 29. Rd6 exf3+ 30. Kxf3 Kg8 31. Nc3 Ng4 32. Kg2 Ne3+ 0-1


[Site "https://www.chess.com"]

[Event "Titled Tuesday Blitz June 14 Early 2022"]
[White "Xiong, Jeffery"]
[Black "Dubov, Daniil"]
[WhiteFideId "2047640"]
[BlackFideId "24126055"]
[WhiteElo "2714"]
[BlackElo "2791"]
[Result "1/2-1/2"]
[Round "10"]
[TimeControl "180+1"]
[Date "2022.06.14"]
[WhiteClock "0:02:22"]
[BlackClock "0:01:53"]

1. d4 Nf6 2. c4 e6 3. Nc3 d5 4. Bg5 Be7 5. e3 h6 6. Bh4 O-O 7. Rc1 b6 8. cxd5 Nxd5 9. Bxe7 Qxe7 10. Nxd5 exd5 11. Ne2 Bb7 12. Nc3 Nd7 13. Be2 Nf6 14. O-O c5 15. Bf3 Rfd8 16. a4 Rac8 17. a5 bxa5 18. Ra1 cxd4 19. Qxd4 Qb4 20. Qxa7 1/2-1/2


[Site "https://www.chess.com"]

[Event "Titled Tuesday Blitz June 14 Early 2022"]
[White "Zhigalko, Sergei"]
[Black "Lamaze, Simon"]
[WhiteFideId "13502956"]
[BlackFideId "36069264"]
[WhiteElo "2662"]
[BlackElo "2090"]
[Result "1-0"]
[Round "10"]
[TimeControl "180+1"]
[Date "2022.06.14"]
[WhiteClock "0:00:07"]
[BlackClock "0:00:22"]

1. e4 c5 2. Nf3 Nc6 3. c3 Nf6 4. e5 Nd5 5. Bc4 Nb6 6. Bb3 c4 7. Bc2 d6 8. exd6 Qxd6 9. O-O Bg4 10. Re1 e6 11. Na3 Be7 12. b3 cxb3 13. axb3 e5 14. Nc4 Nxc4 15. bxc4 O-O 16. h3 Bh5 17. Ba3 Qc7 18. Bxe7 Qxe7 19. d4 Rfd8 20. g4 Bg6 21. Bxg6 hxg6 22. Qe2 Qc7 23. d5 Na5 24. Qxe5 Qxe5 25. Nxe5 b6 26. Rxa5 bxa5 27. Ra1 Rdb8 28. c5 Rb5 29. Nd7 Rd8 30. c4 Rb4 31. c6 Rxc4 32. Rxa5 Rc1+ 33. Kg2 f5 34. Rxa7 fxg4 35. hxg4 Kh7 36. c7 Rxd7 37. c8=Q Rxc8 38. Rxd7 Rc4 39. Kf3 Rd4 40. g5 Rd1 41. Kf4 Rd4+ 42. Ke5 Rd2 43. f4 Re2+ 44. Kd6 Kg8 45. Re7 Rf2 46. Ke5 Re2+ 47. Kd6 Rf2 48. Re4 Kf7 49. Kd7 Rc2 50. d6 Rc1 51. Re7+ Kf8 52. Re8+ Kf7 53. Re7+ Kf8 54. Re4 Rc3 55. Re5 Rc4 56. f5 gxf5 57. Rxf5+ Kg8 58. Ke6 Re4+ 59. Re5 Rxe5+ 60. Kxe5 Kf7 61. Kd5 Ke8 62. Ke6 g6 63. Kf6 Kd8 64. Kxg6 Kd7 65. Kf7 1-0


[Site "https://www.chess.com"]